[Event "Bangabandhu Premier Div League 2023-24"]
[Site "Dhaka"]
[Date "2024.02.06"]
[Round "6.4"]
[White "Iniyan, Pa"]
[Black "Rahman, Ziaur"]
[Result "1/2-1/2"]
[ECO "D31"]
[WhiteElo "2515"]
[BlackElo "2428"]
[Annotator "TA"]
[PlyCount "75"]
[EventDate "2024.02.01"]
[EventCountry "BAN"]
[SourceTitle "playchess.com"]
[Source "ChessBase"]
[SourceQuality "1"]
[TimeControl "40/5400+30:1800+30"]

1. d4 d5 2. c4 e6 3. Nc3 c6 4. Nf3 dxc4 5. a4 Bb4 6. e3 b5 7. Bd2 a5 8. axb5 Bxc3 9. Bxc3 cxb5 10. b3 Bb7 11. bxc4 b4 12. Bb2 Nf6 13. Bd3 O-O 14. O-O Be4 15. Bxe4 Nxe4 {[%emt 0:00:07] White is slightly better.} 16. Qc2 f5 17. d5 Qe7 18. Rfd1 ({White should try} 18. Nd4 $14 Nc5 19. dxe6) 18... a4 $11 19. dxe6 (19. Ne5 $11) 19... a3 $1 $15 (19... b3 $6 20. Qd3 $14) 20. Nd4 {[%emt 0:00:30] Prevents Nc6} Na6 (20... axb2 $2 21. Rxa8 Nc3 22. Re1 $18 (22. Nxf5 Qxe6 23. Re1 Nc6 $14)) (20... Ra6 $1 $17 21. f3 (21. Nxf5 $2 Qxe6 22. Bxa3 Rxa3 $19) 21... Nc5 (21... axb2 22. Rxa6 Nc3 23. Ra8 $11)) 21. Bc1 $1 $11 Nac5 $36 {[%emt 0:01:00][%mdl 2048] Black has some pressure.} 22. f3 $1 Nc3 23. Re1 Nxe6 {[%emt 0:01:00] A dynamic duo of knights.} 24. Bd2 Nxd4 25. exd4 Ne2+ 26. Kf1 ({White must play} 26. Kh1 $15) 26... Nxd4 $19 27. Qd3 Qd6 {[%emt 0:01:00][%cal Ob4b3] Threatens to win with ...b3!} 28. Reb1 (28. Bxb4 $142 Qxb4 29. Qxd4) 28... Rfd8 29. Bxb4 Qxh2 30. Be7 {[%emt 0:01:00] [#]} Rd7 {[%emt 0:00:30][%cal Oa8e8] White must now prevent ...Re8!} (30... a2 31. Re1 Rd7 32. Bc5 $17) 31. Re1 $2 (31. c5 Rxe7 (31... a2 32. Qc4+ Kh8 33. Rxa2 $15) 32. Qxd4) 31... Re8 $2 (31... a2 32. Bc5 $17) (31... Rb8 {( -> ...Rb2)} 32. Bb4 Rxb4 33. Qxa3 Nxf3 (33... Rxc4 34. Qa8+ Kf7 35. Qe8+ Kf6 36. Qxd7 $11) 34. gxf3 Qh1+ (34... Rxc4 35. Qa8+ Kf7 36. Qe8+ Kf6 37. Re6+ Kg5 38. Qxd7 $11) 35. Kf2 Rb2+ 36. Qxb2 Qh2+ 37. Kf1 Qxb2) 32. Bc5 {[%emt 0:00:30] [#]} Rxe1+ (32... Red8 $1 $17 {[%cal Od4b3] ...Nb3! is the strong threat.} 33. Bb6 Ne6) 33. Rxe1 $11 {[%emt 0:00:00] The position is equal.} a2 34. Qe3 $1 Qh1+ 35. Kf2 Qh4+ $1 (35... a1=R 36. Qe8#) 36. Kf1 {[%emt 0:02:00][%cal Re3e8] Chess con chili.} (36. g3 $5 Qh2+ $8 37. Kf1 $11) 36... Qh1+ (36... h6 $5 37. Qe8+ $8 Kh7 38. Qxd7 Qxe1+ 39. Kxe1 a1=Q+ (39... a1=B 40. Bxd4 Bxd4 41. Qxd4 Kh8 42. c5 Kh7 43. c6 Kg8 44. c7) 40. Kf2 Qb2+ 41. Kg1 Ne2+ 42. Kf1 Ng3+ 43. Kg1 Qc1+ 44. Kh2 Nf1+ (44... Qxc4 45. Bd4 $11) 45. Kh3 Qg5 $11 (45... Qxc4 46. Bd4 $16)) 37. Kf2 Qh4+ $1 ({Not} 37... a1=R 38. Qe8#) 38. Kf1 {[%emt 0:00:00] White happily takes the draw.   Weighted Error Value: White=0.40/Black=0.32.  Mistake:       	White=5     	Black=2      Inaccurate:     	White=1     	Black=2      OK:         	White=8     	Black=8      Best:        	White=3     	Black=4      Strong:       	White=3     	Black=3} 1/2-1/2

[Event "Bangabandhu Premier Div League 2023-24"]
[Site "Dhaka"]
[Date "2024.02.06"]
[Round "6.4"]
[White "Mihir Lal, Das"]
[Black "Avik, Sarker"]
[Result "0-1"]
[ECO "D73"]
[WhiteElo "1936"]
[BlackElo "1914"]
[Annotator "NA RC"]
[PlyCount "40"]
[EventDate "2024.02.01"]
[EventCountry "BAN"]
[SourceTitle "playchess.com"]
[Source "ChessBase"]
[SourceQuality "1"]
[TimeControl "40/5400+30:1800+30"]

1. Nf3 d5 2. g3 g6 3. Bg2 Bg7 4. O-O c6 5. d4 Nf6 6. c4 dxc4 7. Ne5 Ng4 8. f4 O-O 9. Na3 Nxe5 10. fxe5 f6 11. Nxc4 Be6 12. Qd3 b5 13. exf6 Bxc4 14. Qd2 Bxf6 15. Rd1 e5 16. b3 Bf7 17. e3 exd4 18. exd4 Bd5 19. Ba3 Re8 20. Bh3 Bg5 0-1

[Event "Bangabandhu Premier Div League 2023-24"]
[Site "Dhaka"]
[Date "2024.02.06"]
[Round "6.5"]
[White "Kushagra Mohan"]
[Black "Alekhya Mukhopadhyay"]
[Result "1-0"]
[ECO "B48"]
[WhiteElo "2374"]
[BlackElo "2184"]
[Annotator "RC"]
[PlyCount "65"]
[EventDate "2024.02.01"]
[EventCountry "BAN"]
[SourceTitle "playchess.com"]
[Source "ChessBase"]
[SourceQuality "1"]
[TimeControl "40/5400+30:1800+30"]

1. e4 c5 2. Nf3 e6 3. d4 cxd4 4. Nxd4 Nc6 5. Nc3 Qc7 6. Be3 a6 7. Qf3 Ne5 8. Qg3 b5 9. O-O-O Nf6 10. f4 Neg4 11. Bd2 h5 12. e5 b4 13. exf6 bxc3 14. Bxc3 Nxf6 15. Bd3 Bb7 16. Rhe1 h4 17. Qf2 Bc5 18. Qd2 Nd5 19. Nf5 f6 20. Be4 Nxc3 21. Nxg7+ Ke7 22. Qxc3 Bxe4 23. Rxe4 Rac8 24. Qb3 Kf7 25. Rxd7+ Qxd7 26. Nxe6 Kg6 27. f5+ Kxf5 28. Qf3+ Kg6 29. Qg4+ Kh6 30. Qxh4+ Kg6 31. Qg4+ Kh6 32. Qh3+ Kg6 33. Nf4+ 1-0

[Event "Bangabandhu Premier Div League 2023-24"]
[Site "Dhaka"]
[Date "2024.02.06"]
[Round "6.5"]
[White "Mohammad Minhaz Uddin"]
[Black "Nasim Hossain, Bhuiyan"]
[Result "0-1"]
[ECO "C06"]
[WhiteElo "2224"]
[BlackElo "1812"]
[Annotator "TA"]
[PlyCount "84"]
[EventDate "2024.02.01"]
[EventCountry "BAN"]
[SourceTitle "playchess.com"]
[Source "ChessBase"]
[SourceQuality "1"]
[TimeControl "40/5400+30:1800+30"]

1. e4 e6 2. d4 d5 3. Nd2 Nf6 4. Bd3 c5 5. e5 Nfd7 6. c3 Nc6 7. Ne2 Be7 8. O-O O-O 9. f4 f5 10. exf6 Bxf6 11. Nf3 Qb6 12. Kh1 {[%emt 0:00:00] White is slightly better.} cxd4 13. cxd4 g6 14. Bb1 Bg7 15. b3 a5 16. a3 Nf6 17. Ra2 Bd7 18. Be3 Ne7 19. Ne5 Bb5 20. a4 Ba6 21. Rf3 Nf5 22. Bg1 Nd6 23. g4 Qb4 24. h4 (24. f5 $11 exf5 25. gxf5) 24... Nfe4 25. Bd3 Rac8 26. Bxa6 bxa6 27. Nd3 {[%emt 0:02:30] Black continues to play with concentration.} Qb6 {[%emt 0:02:30] Black has more active pieces.} 28. Nc5 (28. Rb2 $142) 28... Qd8 $17 29. Qe1 Nxc5 30. dxc5 Ne4 31. Rc2 {[%emt 0:00:00] [#]} e5 $1 {[%emt 0:02:00] And now ...d4 would win.} 32. c6 Rf6 33. c7 {[%emt 0:00:00] [#]} Qd7 (33... Rxc7 34. Qxa5 Rff7 35. Rxc7 Rxc7 36. Qxa6) 34. Qxa5 d4 {[%emt 0:01:00] Threatens to win with ...d3.} 35. Rc4 $2 (35. Qxe5 $2 Re6 (35... Qxg4 $2 36. Qxe4 Rf7 37. Qd5 $18) 36. Qa5 d3 $19) (35. Rd3 $2 Rc6 36. Rc4 (36. Rxc6 $2 Qxc6 37. Kh2 Rxc7 $19) 36... R6xc7 (36... R8xc7 $2 37. fxe5 Rc5 38. Rdxd4 $19) 37. fxe5 Rxc4 38. bxc4 Qxg4 39. Qd5+ Kh8 40. Qxd4 Qxe2 $19) (35. g5 Re6 36. Rc4) 35... Rf7 $19 (35... Qxg4 $2 36. Qd5+ Rf7 37. Qxe4 $18) 36. f5 gxf5 (36... Rxc7 $2 37. Rxc7 Qxc7 38. Qxa6 $19) 37. gxf5 Nd6 (37... Rxc7 $2 38. Qxc7 Qxc7 39. Rxc7 Rxc7 40. b4 $19) 38. Rc1 Nxf5 {[%emt 0:02:00] ...d3 would now be deadly.} (38... Rxc7 39. Rxc7 Qxc7 40. Qxa6 $15) 39. Bh2 Nxh4 ({Worse is} 39... Rxc7 40. Qxc7 (40. Qxa6 Qd5 $19) 40... Qxc7 41. Rxc7 Rxc7 42. Bxe5 (42. Rxf5 $2 {loses.} d3 $19) 42... Bxe5 (42... Nxh4 43. Rg3 $11) 43. Rxf5 $11) 40. Rxf7 Qxf7 41. Ng1 {[%emt 0:31:00] Against Qf3+} (41. Nxd4 $142 exd4 42. Qg5 Qf3+ 43. Kg1) 41... Qxb3 {[%emt 0:31:30] ( -> ...Qb7+)} 42. Bxe5 Qb7+ {[%emt 0:00:30] Weighted Error Value: White=0.63/Black=0.09 (flawless) .  Mistake:       	White=4     	---        Inaccurate:     	White=3     	Black=2      OK:         	White=10    	Black=21     Best:        	---       	Black=2} 0-1

[Event "Bangabandhu Premier Div League 2023-24"]
[Site "Dhaka"]
[Date "2024.02.06"]
[Round "6.6"]
[White "Ankit Ray"]
[Black "Chowdhury, Sohel"]
[Result "1-0"]
[ECO "A11"]
[WhiteElo "1912"]
[BlackElo "1956"]
[Annotator "RC"]
[PlyCount "131"]
[EventDate "2024.02.01"]
[EventCountry "BAN"]
[SourceTitle "playchess.com"]
[Source "ChessBase"]
[SourceQuality "1"]
[TimeControl "40/5400+30:1800+30"]

1. Nf3 d5 2. g3 Nf6 3. Bg2 Bf5 4. O-O c6 5. d3 h6 6. c4 e6 7. cxd5 exd5 8. Nd4 Bg4 9. h3 Bd7 10. e4 dxe4 11. dxe4 Be7 12. Nc3 O-O 13. e5 Nh7 14. Kh2 Na6 15. Be3 Re8 16. f4 Bf8 17. Qe2 Nc7 18. Rad1 Qc8 19. Qc2 Nf6 20. Nb3 Bf5 21. Qd2 Nfd5 22. Bc5 Nxc3 23. Qxc3 Nd5 24. Bxd5 cxd5 25. Bxf8 Rxf8 26. Qxc8 Raxc8 27. Nd4 Be4 28. Rd2 a6 29. g4 Rfe8 30. Nf5 Rc6 31. Nd6 Re7 32. Re1 g5 33. Nxe4 dxe4 34. fxg5 hxg5 35. Rxe4 f6 36. Rf2 Rxe5 37. Rxe5 fxe5 38. Kg3 Kg7 39. Rf5 Rc2 40. Rxe5 Kg6 41. Re6+ Kf7 42. Rb6 Rc7 43. Kf3 Re7 44. Rb3 Kf6 45. Re3 Rc7 46. Ke4 Rc2 47. Rb3 b5 48. Kd5 Rd2+ 49. Kc6 Ke5 50. Kb7 Rd6 51. Ra3 Kf4 52. Rxa6 Rd2 53. b4 Rb2 54. a3 Rb3 55. Rh6 Rxa3 56. Kb6 Kg3 57. Kxb5 Kg2 58. Rh5 Rxh3 59. Rxh3 Kxh3 60. Ka6 Kxg4 61. b5 Kf3 62. b6 g4 63. b7 g3 64. b8=Q g2 65. Qb6 Kg3 66. Qg1 1-0

[Event "Bangabandhu Premier Div League 2023-24"]
[Site "Dhaka"]
[Date "2024.02.06"]
[Round "6.6"]
[White "Mrittika Mallick"]
[Black "Ahmed, Sheikh Nasir"]
[Result "1-0"]
[ECO "B40"]
[WhiteElo "1859"]
[BlackElo "2182"]
[Annotator "TA"]
[PlyCount "77"]
[EventDate "2024.02.01"]
[EventCountry "BAN"]
[SourceTitle "playchess.com"]
[Source "ChessBase"]
[SourceQuality "1"]
[TimeControl "40/5400+30:1800+30"]

1. e4 c5 2. Nf3 e6 3. d4 cxd4 4. Nxd4 Nc6 5. Nxc6 bxc6 6. Bd3 Nf6 7. O-O d5 8. Nc3 Be7 9. Qe2 O-O 10. b3 Re8 11. Bb2 Bf8 {[%emt 0:05:17] The position is equal.} 12. Rad1 Qc7 13. f4 Bb7 14. Kh1 (14. Rf3 $5) 14... Rad8 15. Rf3 g6 (15... d4 $15 {should be considered.} 16. Nb1 c5) 16. Rdf1 $11 Bg7 {[%emt 0:41:33] aiming for ...Nxe4.} 17. e5 Nd7 18. Qf2 Qa5 19. Rh3 a6 {[%emt 0:00:30] [#]} (19... Nc5 $11 {remains equal.}) 20. Qh4 (20. Na4 $1 $16) 20... Nf8 21. Ne2 c5 22. Bc3 Qc7 {[%emt 0:00:00] Hoping for ...c4.} 23. Ng3 Rc8 $2 {[%emt 0:00:00] [#]} (23... h6 $11) 24. Re1 $2 {[%emt 0:05:00] White is much more active.} (24. Nh5 $1 $16 {[%cal Rh5f6] Nf6+ would kill now.} gxh5 25. Qxh5) 24... Qe7 25. Qg4 d4 (25... Bc6 $11 {keeps the balance.}) 26. Bd2 $16 f5 (26... Nd7 $142) 27. exf6 Qxf6 28. Ne4 Bxe4 (28... Qe7 $16 29. a4 c4 30. Bxc4 (30. bxc4 Qc7 $16) 30... Bd5) 29. Rxe4 $18 (29. Bxe4 $6 c4 $16) 29... Rc6 30. Qe2 e5 (30... Rd6 $142 31. a4 (31. Bxa6 Ra8 $16) 31... Ra8) 31. fxe5 Rxe5 32. Rf3 Qd6 $2 (32... Rf5 33. Re8 Rxf3 34. Bc4+ (34. Qxf3 Qxf3 35. gxf3 Kf7 $18) (34. gxf3 h6 $18) 34... Kh8) 33. Bc4+ Ne6 34. Bf4 Rxe4 35. Qxe4 (35. Bxd6 $2 {perishes.} Rxe2 36. Bxe2 Rxd6 $19) 35... Qd7 36. Qd5 (36. Be5 $142 {White threatens Bxg7 and mate.} Bh6 37. Qh4) 36... Qc8 $2 {[%emt 0:00:00] Black is weak on the light squares} (36... Qxd5 37. Bxd5 Rb6) 37. Be5 {[%emt 0:00:00] This pair of bishops is nice.} Kh8 38. Bxg7+ Nxg7 {[%emt 0:00:03] [#]} 39. Qxc6 $3 {[%emt 0:00:00][%mdl 512] Weighted Error Value: White=0.33/Black=0.65.  Mistake:       	White=2     	Black=8      Inaccurate:     	White=2     	Black=2      OK:         	White=9     	Black=6      Best:        	White=2     	---} 1-0

[Event "Bangabandhu Premier Div League 2023-24"]
[Site "Dhaka"]
[Date "2024.02.06"]
[Round "6.7"]
[White "Sajidul, Haque"]
[Black "Tashriq Saihan, Shan"]
[Result "1-0"]
[ECO "B13"]
[WhiteElo "1922"]
[BlackElo "1772"]
[Annotator "NA RC"]
[PlyCount "107"]
[EventDate "2024.02.01"]
[EventCountry "BAN"]
[SourceTitle "playchess.com"]
[Source "ChessBase"]
[SourceQuality "1"]
[TimeControl "40/5400+30:1800+30"]

1. d4 Nf6 2. Nc3 d5 3. Bf4 c5 4. e3 cxd4 5. exd4 a6 6. Nf3 Bg4 7. Be2 Bxf3 8. Bxf3 e6 9. O-O Bd6 10. Ne2 O-O 11. b3 Bxf4 12. Nxf4 Qd6 13. Ne2 Nc6 14. Qd2 Rfe8 15. Rad1 b5 16. c3 Rac8 17. h3 Ne7 18. a4 bxa4 19. bxa4 Rc4 20. a5 Ng6 21. Rb1 Rb8 22. g3 h6 23. Qa2 Nd7 24. Rxb8+ Qxb8 25. Rb1 Qc7 26. Kg2 Qc6 27. Rb4 Rxb4 28. cxb4 Ne7 29. Qb3 Nf5 30. h4 Nb8 31. h5 Nd6 32. g4 Nb5 33. Qe3 Qc4 34. g5 hxg5 35. Qxg5 Qxb4 36. Nf4 Nxd4 37. h6 Nf5 38. Qd8+ Kh7 39. hxg7 Nxg7 40. Nh3 Nc6 41. Qf6 Ne7 42. Ng5+ Kh8 43. Qh6+ Kg8 44. Qh7+ Kf8 45. Qh8+ Ng8 46. Nh7+ Ke7 47. Qxg7 Qxa5 48. Qf8+ Kd7 49. Qxg8 Qd8 50. Qxf7+ Qe7 51. Nf8+ Kd6 52. Qf4+ Kc6 53. Ng6 Qe8 54. Qa4+ 1-0

[Event "Bangabandhu Premier Div League 2023-24"]
[Site "Dhaka"]
[Date "2024.02.06"]
[Round "6.8"]
[White "Muhimenul, Islam"]
[Black "Suvradeepta, Das"]
[Result "0-1"]
[ECO "A35"]
[WhiteElo "1970"]
[BlackElo "2141"]
[Annotator "RC"]
[PlyCount "210"]
[EventDate "2024.02.01"]
[EventCountry "BAN"]
[SourceTitle "playchess.com"]
[Source "ChessBase"]
[SourceQuality "1"]
[TimeControl "40/5400+30:1800+30"]

1. c4 c5 2. Nf3 Nc6 3. Nc3 e5 4. g3 Nge7 5. Bg2 d6 6. d3 g6 7. Bg5 Bg7 8. Ne4 f5 9. Nf6+ Kf7 10. Nd5 h6 11. Bxe7 Nxe7 12. Nd2 Kg8 13. Rb1 a5 14. a4 Nc6 15. O-O Kh7 16. e3 Re8 17. Re1 Be6 18. b3 Rb8 19. Qe2 Qd7 20. Rbc1 Qf7 21. Nb1 Rbd8 22. Nbc3 Rf8 23. Qd2 h5 24. h4 Bh6 25. f4 Bg7 26. Kh2 Nb4 27. Re2 Rfe8 28. Rd1 Rf8 29. Rf1 Nc6 30. Rd1 Qd7 31. Nb6 Qc7 32. Nbd5 Qb8 33. Bf3 Rde8 34. Bg2 Qd8 35. Rde1 Bg8 36. Kh3 Be6 37. Kh2 Bc8 38. Nb5 Rf7 39. Bh1 Be6 40. Nbc3 Qb8 41. Bg2 Rff8 42. Rd1 Bg8 43. Rde1 Bf7 44. Kh3 Bg8 45. Nb6 Qd8 46. Nbd5 Bh6 47. Qd1 Bg7 48. Qd2 Be6 49. Kh2 Kh8 50. Bf3 Kg8 51. Nb5 Rf7 52. Qd1 Kh7 53. Qd2 Bc8 54. Nbc3 Rff8 55. Nb5 Rf7 56. Nbc3 Nb4 57. Bg2 Rff8 58. Bf3 Nc6 59. Bg2 exf4 60. Nxf4 Ne5 61. Ncd5 Ng4+ 62. Kh1 Be5 63. d4 Bg7 64. Bf3 Bh6 65. Bxg4 fxg4 66. dxc5 dxc5 67. Rd1 Bf5 68. Kh2 Be4 69. Rde1 Bf3 70. Rf2 Bg7 71. Kg1 Be5 72. Kh2 b6 73. Qd3 Rf5 74. Rd2 Kh6 75. Kg1 Qd6 76. Rf1 Rb8 77. Kh2 Qf8 78. Rdf2 Qg7 79. Qd2 Be4 80. Kg1 Rd8 81. Ne6 Qd7 82. Nxd8 Qxd8 83. Nf4 Qf6 84. Rd1 Bf3 85. Rdf1 Be4 86. Qd7 Bc6 87. Qd3 Qh8 88. Nxg6 Rxf2 89. Nxh8 Rg2+ 90. Kh1 Rxg3+ 91. e4 Rxd3 92. Nf7+ Kg7 93. Nxe5 Bxe4+ 94. Kg1 Rg3+ 95. Kf2 Rxb3 96. Ke2 Bg6 97. Rd1 Kf6 98. Rd5 Be4 99. Nd7+ Ke7 100. Re5+ Kxd7 101. Rxe4 Rh3 102. Re5 Rxh4 103. Kf2 Rh3 104. Rg5 Rc3 105. Rxh5 Rxc4 0-1

[Event "Bangabandhu Premier Div League 2023-24"]
[Site "Dhaka"]
[Date "2024.02.06"]
[Round "6.8"]
[White "Diya Chowdhury"]
[Black "Manon, Reja Neer"]
[Result "0-1"]
[ECO "C63"]
[WhiteElo "1881"]
[BlackElo "2169"]
[Annotator "TA"]
[PlyCount "80"]
[EventDate "2024.02.01"]
[EventCountry "BAN"]
[SourceTitle "playchess.com"]
[Source "ChessBase"]
[SourceQuality "1"]
[TimeControl "40/5400+30:1800+30"]

1. e4 e5 2. Nf3 Nc6 3. Bb5 f5 4. d3 fxe4 5. dxe4 Nf6 6. O-O d6 7. Nc3 Be7 8. Qd3 Bg4 9. Qc4 Qd7 10. Ng5 Bh5 {[%emt 0:00:30] Wards off Qf7+} 11. Nd5 {[%emt 0:00:30][%cal Og5e6] Ne6! would now be deadly. White is better.} (11. Ne6 $2 Bf7 12. Nxg7+ Kf8 $19) 11... a6 12. Bxc6 bxc6 13. Nxe7 Kxe7 14. f4 {[%emt 0:00:00] aiming for fxe5.} h6 15. Nf3 Bxf3 $1 16. Rxf3 d5 17. Qc3 (17. exd5 $16 cxd5 18. Qc5+ Qd6 19. Qc3) 17... dxe4 $11 18. Qxe5+ Kf7 19. Rf1 Rhe8 20. Qc5 Rab8 21. c4 {[%emt 0:02:00] White is weak on the light squares} ({White should try} 21. b3 $14) 21... Qd6 (21... Qd3 {looks sharper.} 22. Re1 e3 23. b3 e2) 22. Qa7 {[%emt 0:00:30] [#]} (22. Qe3 $15) 22... c5 (22... Ng4 $142 $1 23. Be3 (23. h3 $2 Ra8 $19) 23... Rxb2) 23. Be3 $17 Rxb2 {[%emt 0:00:00] Hoping for ...Nd7.} 24. Bxc5 {[%emt 0:00:00] [#]} (24. Rfd1 $1 $15 Qb6 25. Bxc5 Qxa7 26. Bxa7) 24... Qc6 $1 25. Be3 Rd8 {[%emt 0:02:00][%cal Of6g4] Inhibits Qd4.} (25... Qxc4 $2 26. Rac1 Qe6 (26... Rc2 $2 27. Rxc2 Qxc2 28. Rc1 $18) 27. f5 $18 (27. Rxc7+ Re7 $11) (27. Qxc7+ Kg8 $11)) 26. Rfb1 Re2 {[%emt 0:00:30][%cal Od8d3] Threatens to win with ...Rd3! Black is much more active.} 27. Re1 Rc2 28. Rec1 Qxc4 29. Rxc2 Qxc2 $40 {[%emt 0:00:00][%mdl 128] Black wants a kill.} 30. Rc1 $2 {[%emt 0:00:00][%mdl 8192] [#] This move loses the game for White.} (30. h3 $17) 30... Ng4 $1 $19 {[%emt 0:02:00] ( -> ...Rd1+)} 31. Re1 (31. Qxc7+ Qxc7) 31... Rd1 (31... Qxa2 $2 {loses.} 32. Qxc7+ Ke8 33. Bb6 $18 (33. Qxg7 Qa5 $11)) 32. Bf2 Qc1 33. Kf1 Nxh2+ 34. Kg1 Ng4 35. Kf1 e3 36. Bg3 Qc4+ 37. Kg1 Rd2 (37... e2 $142 38. Qf2 Nxf2 39. Bxf2 Qc3 (39... Qxa2 {gets mated.} 40. Kh2 Qd2 41. g4 Rxe1 42. g5 Rf1 43. g6+ Kxg6 44. Kg3 Qc3+ 45. Kg2 Rxf2+ 46. Kxf2 e1=Q+ 47. Kg2 Qcg3#) (39... Rxe1+ 40. Bxe1 Qxf4 41. Bf2 Qc1+ 42. Kh2 Qf1 43. Bh4 g5 44. Bg3 h5 45. a4 a5 46. Be1 Qxe1 47. g3 Qf2+ 48. Kh3 e1=Q 49. g4 Qh1#) 40. Kh2 Rxe1 41. Bxe1 Qxe1 42. Kh3 Qc3+ (42... Qh1+ {is a self mate.} 43. Kg4 e1=Q 44. g3 Qe6+ 45. f5 Qee4#) 43. g3 e1=Q (43... e1=R 44. Kg4 h5+ 45. Kh3 Qf3 46. Kh4 Qg4#) 44. Kg4 Qexg3+ 45. Kh5 Qh3#) 38. Rxe3 Nxe3 39. Qxe3 Qc1+ 40. Be1 {[%emt 0:00:58] [#]} Rxg2+ $3 {[%emt 0:00:06][%mdl 512] Weighted Error Value: White=0.86/Black=0.16 (very precise) .  Loses game:     	White=1     	---        Mistake:       	White=4     	Black=1      Inaccurate:     	White=2     	Black=2      OK:         	White=11    	Black=7      Best:        	White=3     	Black=5      Strong:       	---       	Black=2} 0-1

[Event "Bangabandhu Premier Div League 2023-24"]
[Site "Dhaka"]
[Date "2024.02.06"]
[Round "6.9"]
[White "Ikramul, Haq Siam"]
[Black "Rathanvel, V S"]
[Result "0-1"]
[ECO "D00"]
[WhiteElo "2036"]
[BlackElo "2474"]
[Annotator "TA"]
[PlyCount "110"]
[EventDate "2024.02.01"]
[EventCountry "BAN"]
[SourceTitle "playchess.com"]
[Source "ChessBase"]
[SourceQuality "1"]
[TimeControl "40/5400+30:1800+30"]

1. d4 Nf6 2. Bg5 d5 3. Bxf6 gxf6 4. e3 c5 5. dxc5 Nc6 6. Nf3 e5 7. c4 d4 8. exd4 {[%emt 0:01:20] The position is equal.} e4 9. Nfd2 {[%emt 0:06:03] Hoping for d5.} (9. Qe2 Qe7 (9... Nxd4 $2 10. Qxe4+ Ne6 11. Nc3 $18) 10. Ng1 Nxd4 $17) 9... Qxd4 10. Nc3 Qe5 (10... Qxc5 $6 11. Ndxe4 (11. Ncxe4 Qe5 $11) 11... Qe5 12. Qd5 $16) 11. Be2 (11. Ndxe4 f5 12. f4 Qe6 $17 (12... Qxf4 $2 13. Nf6+ Ke7 14. Nfd5+ Ke8 15. Nxf4 $18)) 11... f5 12. Nb3 Be6 $36 {[%emt 0:00:00][%mdl 2048] Black is more active.} 13. a3 {[%emt 1:05:25] Against a5} (13. O-O $11 {remains equal.}) 13... Rd8 14. Qc2 Bxc5 {[%emt 0:00:00] Black is much more active.} 15. Nxc5 Qxc5 16. O-O O-O (16... Bxc4 17. Nxe4 fxe4 18. Bxc4 $16 (18. Qxc4 Qxc4 19. Bxc4 O-O $11)) 17. Qc1 {[%emt 0:00:30] Qg5+ would now be deadly.} Qe5 18. Qe3 Nd4 {[%emt 0:00:00] Strongly threatening ...f4.} 19. f3 Nxe2+ 20. Qxe2 Qd4+ 21. Qf2 Bxc4 (21... Qxc4 22. Qxa7 exf3 23. Rxf3 $11) 22. Rfd1 {[%emt 0:00:00] White is weak on the light squares} Qxf2+ 23. Kxf2 Bb3 24. Rxd8 Rxd8 $15 {[%emt 0:00:00][%mdl 4096] Endgame. KRB-KRN} 25. Re1 $1 exf3 26. Kxf3 Be6 27. g3 Kg7 28. Rd1 Rc8 29. Rd4 Rc5 30. Rb4 b6 31. Rb5 Rc6 32. Re5 Kf6 33. Re1 Rc4 34. Ke3 Kg5 35. Rf1 Kg4 36. Rf2 h5 37. Rf1 a6 38. Rf2 b5 39. Rf1 (39. Rf3 $17 {keeps fighting.}) 39... a5 (39... b4 $19 {and Black stays clearly on top.} 40. axb4 h4 (40... Rxb4 41. Nd1 $17)) 40. Rf2 b4 41. Ne2 (41. axb4 $17 Rxb4 (41... axb4 42. Nd1 $17) 42. Rd2) 41... Re4+ 42. Kd2 Bc4 43. Rf4+ {[%emt 0:02:19] [#]} Rxf4 $1 44. Nxf4 bxa3 45. bxa3 $19 {[%emt 0:00:00] KB-KN} h4 46. Ng2 $2 (46. Ke3 $19) 46... hxg3 {[%emt 0:00:00] Black mates.} 47. Ne3+ Kf3 48. hxg3 Be6 49. Nc2 Kxg3 50. Ke1 f4 51. Kf1 Bc4+ 52. Kg1 f3 53. Ne3 f2+ 54. Kh1 {[%emt 0:00:00] [#]} Bd5+ $1 55. Nxd5 (55. Ng2 f1=Q#) 55... f1=Q# {[%emt 0:00:00] Weighted Error Value: White=0.25 (precise) /Black=0.08 (flawless) .  Mistake:       	White=4     	Black=1      Inaccurate:     	White=6     	Black=4      OK:         	White=11    	Black=18     Best:        	White=4     	Black=4      Strong:       	White=1     	---} 0-1

[Event "Bangabandhu Premier Div League 2023-24"]
[Site "Dhaka"]
[Date "2024.02.06"]
[Round "6.10"]
[White "Mohammed Abdul, Malek"]
[Black "Mehdi Hasan Parag"]
[Result "0-1"]
[ECO "A06"]
[WhiteElo "2047"]
[BlackElo "2171"]
[Annotator "RC"]
[PlyCount "128"]
[EventDate "2024.02.01"]
[EventCountry "BAN"]
[SourceTitle "playchess.com"]
[Source "ChessBase"]
[SourceQuality "1"]
[TimeControl "40/5400+30:1800+30"]

1. d4 d5 2. c4 c6 3. e3 Nf6 4. Nf3 e6 5. b3 Nbd7 6. Bd3 Bd6 7. Bb2 O-O 8. Nbd2 Qe7 9. Ne5 Bb4 10. O-O h6 11. a3 Bxd2 12. Qxd2 dxc4 13. bxc4 Nxe5 14. dxe5 Nd7 15. Bc2 b6 16. Qd3 g6 17. Qe4 Nc5 18. Qf4 Qg5 19. Qd4 Rd8 20. Qc3 Qe7 21. f4 Kh7 22. e4 Ba6 23. a4 Rd7 24. Rf3 Rad8 25. Raf1 Nxa4 26. Bxa4 Qc5+ 27. Qe3 Qxe3+ 28. Rxe3 Bxc4 29. Rc1 b5 30. Bc2 a5 31. Bc3 b4 32. Be1 Bb5 33. Ra1 Bd3 34. Ba4 Rd4 35. Bxc6 b3 36. Bxa5 b2 37. Rae1 Rc4 38. Bxd8 Rc1 39. Kf2 b1=Q 40. Rxc1 Qxc1 41. Rxd3 Qxc6 42. Kf3 Qb5 43. Rd2 g5 44. g3 Qf1+ 45. Ke3 Qe1+ 46. Kd3 Kg6 47. Bf6 Kh5 48. fxg5 hxg5 49. Re2 Qd1+ 50. Ke3 Kg4 51. Rf2 Qe1+ 52. Re2 Qc1+ 53. Kf2 Kh3 54. Re1 Qc5+ 55. Kf3 g4+ 56. Ke2 Qc2+ 57. Ke3 Qc3+ 58. Ke2 Kxh2 59. Bh4 Kg2 60. Bg5 Qxe5 61. Be3 Qb5+ 62. Kd2 Kxg3 63. Bd4 e5 64. Bc3 Kf2 0-1